 Dungeon Crawl Stone Soup version 0.14-a0-1761-gdbd231b (webtiles) character file.

781 Nicoed the Skirmisher (level 7, -6/55 HPs)
             Began as a Human Fighter on Jan 4, 2014.
             Was a Follower of the Shining One.
             Mangled by an orc priest
             ... wielding a -1,+0 orcish flail
              (8 damage)
             ... on Level 4 of the Dungeon.
             The game lasted 00:15:47 (5422 turns).

Nicoed the Skirmisher (Human Fighter)               Turns: 5422, Time: 00:15:47

HP  -6/55        AC  7     Str 18      XL: 7   Next: 62%
MP   7/7         EV  8     Int 10      God: the Shining One [*.....]
Gold 205         SH 19     Dex 13      Spells:  0 memorised,  6 levels left

rFire  . . .     SeeInvis .     w - +1,+0 war axe
rCold  . . .     Clarity  .     i - +1 dwarf ring mail
rNeg   . . .     Conserve .     c - +0 shield
rPois  .         rCorr    .     k - +0 cap
rElec  .         rRot     .     (no cloak)
SustAb . .       Spirit   .     (no gloves)
rMut   .         Warding  .     (no boots)
Saprov . . .     Stasis   .     (no amulet)
                                s - +2 ring of intelligence
                                q - ring of protection from magic

@: glowing, quite resistant to hostile enchantments, extremely unstealthy
A: no striking features
a: Renounce Religion


You were on level 4 of the Dungeon.
You worshipped the Shining One. the Shining One was aware of your devotion.
You were hungry.

You visited 1 branch of the dungeon, and saw 4 of its levels.

You collected 220 gold pieces.
You donated 15 gold pieces.

Inventory:

Hand weapons
 w - a +1,+0 war axe (weapon)
Armour
 c - a +0 shield (worn)
 i - a +1 dwarven ring mail (worn)
 k - a +0 cap (worn)
Magical devices
 a - a wand of flame (20) {unknown}
 e - a wand of fireball (3) {unknown}
Comestibles
 r - a bread ration
Scrolls
 d - a scroll of enchant weapon II {unknown}
 f - a scroll of noise {unknown}
 g - 2 scrolls of teleportation
 h - 3 scrolls of remove curse
 l - a scroll of blinking
Jewellery
 q - a ring of protection from magic (left hand)
 s - a +2 ring of intelligence (right hand)
Potions
 b - a potion of invisibility {unknown}
 j - a potion of lignification {unknown}
 n - a potion of speed
 p - a potion of magic {unknown}


   Skills:
 + Level 4.6 Fighting
 + Level 4.0 Axes
 + Level 4.5 Armour
 + Level 2.6 Dodging
 + Level 4.4 Shields


You had 6 spell levels left.
You didn't know any spells.

Dungeon Overview and Level Annotations

Branches:
Dungeon (4/16)
 Temple: D:4-7

Altars:
Fedhas
Trog
Xom
Zin
the Shining One


Message History

The orc priest is heavily wounded.
The orc priest hits you with an orcish flail.
You hit the orc priest.
The orc priest is heavily wounded.
The orc priest prays to Beogh.
You feel troubled.
You closely miss the orc priest.
The orc priest is heavily wounded.
The orc priest hits you with an orcish flail.
* * * LOW HITPOINT WARNING * * *
You hit the orc priest.
The orc priest is almost dead.
The orc priest barely misses you.
You hit the orc priest.
The orc priest is almost dead.
The orc priest calls down the wrath of Beogh upon you.
Something smites you!
* * * LOW HITPOINT WARNING * * *
The orc priest hits you with an orcish flail!
You die...

###.....########........(........
.................................
.##.....########.##############..
.##.....# #.# #..
###.....########.################
#..............................
#.%...###...##.################
#.....# #...##.#
###.....###...##@#
..............##o#
###.#######...##o# #####
###.#.....#.####.# #...#
.......%..#.# #.# #...#
..#.#.....).# #.# #######...##
..#.#.....### #.# #....##..... .
#.#.....# #.# #.<..##...## .
#.#..)..# #.# #.......!...


You could see an orc priest and an orc.

Vanquished Creatures
  A phantom (D:4)
  2 hounds (D:4)
  An orc priest (D:4)
  3 orc wizards (D:4)
  An iguana (D:4)
  A worker ant (D:4)
  Terence (D:2)
  4 gnolls (D:4)
  9 adders
  A giant mite (D:1)
  4 worms
  A grey rat (D:1)
  A giant gecko (D:1)
  8 orcs
  A ball python (D:1)
  11 bats
  5 giant cockroaches
  11 goblins
  8 hobgoblins
  14 jackals
  6 kobolds
  7 quokkas
  5 giant newts
  13 rats
119 creatures vanquished.

Notes
Turn   | Place    | Note
--------------------------------------------------------------
     0 | D:1      | Nicoed, the Human Fighter, began the quest for the Orb.
     0 | D:1      | Reached XP level 1. HP: 18/18 MP: 1/1
    46 | D:1      | Reached XP level 2. HP: 24/24 MP: 2/2
   528 | D:1      | Reached XP level 3. HP: 26/29 MP: 3/3
   845 | D:1      | Reached skill level 1 in Dodging
   851 | D:1      | Reached XP level 4. HP: 20/35 MP: 4/4
  1615 | D:2      | Found a glowing silver altar of Zin.
  1618 | D:2      | Became a worshipper of Zin the Law-Giver
  1705 | D:2      | Acquired Zin's first power
  1840 | D:2      | Found a bloodstained altar of Trog.
  2140 | D:2      | Reached XP level 5. HP: 18/42 MP: 5/5
  2438 | D:2      | Found a shimmering altar of Xom.
  2528 | D:2      | Noticed Terence
  2545 | D:2      | Killed Terence
  2802 | D:2      | You fall through a shaft!
  2843 | D:4      | Reached skill level 4 in Fighting
  3242 | D:3      | Reached XP level 6. HP: 33/48 MP: 6/6
  3250 | D:3      | Found a glowing golden altar of the Shining One.
  3255 | D:3      | Fell from the grace of Zin
  3255 | D:3      | Became a worshipper of the Shining One
  4693 | D:4      | Found a blossoming altar of Fedhas.
  4698 | D:4      | Noticed a phantom
  4736 | D:4      | Paralysed by a potion of paralysis for 6 turns
  4763 | D:4      | Killed a phantom
  4763 | D:4      | Reached XP level 7. HP: 11/55 MP: 7/7
  5121 | D:4      | Acquired the Shining One's first power
  5422 | D:4      | HP: 2/55 [orc priest/divine providence (13)]
  5422 | D:4      | Mangled by an orc priest

Action                   |  1- 3 |  4- 6 |  7- 9 || total
-------------------------+-------+-------+-------++-------
Melee: Hand axe          |   128 |   298 |       ||   426
       War axe           |       |    73 |    49 ||   122
  Use: Scroll            |       |    11 |       ||    11
       Potion            |       |     3 |     1 ||     4
